 Dungeon Crawl Stone Soup version 0.27-a0-1347-gd8886f0a89 (webtiles) character file.

Game seed: 17398451785706790337

1990 tkbsonic5 the Cleaver (level 9, -1/79 HPs)
             Began as a Minotaur Fighter on June 28, 2021.
             Was an Initiate of Qazlal.
             Slain by an ice devil (15 damage)
             ... summoned by a kobold demonologist
             ... on level 7 of the Dungeon.
             The game lasted 00:24:47 (5933 turns).

tkbsonic5 the Cleaver (Minotaur Fighter)            Turns: 5933, Time: 00:24:48

Health: -1/79      AC: 15    Str: 22    XL:     9   Next: 1%
Magic:  0/8        EV:  5    Int:  5    God:    Qazlal [......]
Gold:   350        SH: 10    Dex: 12    Spells: 8/8 levels left

rFire    . . .     SeeInvis .   a - +3 war axe (flame) {Hot Wind Blows}
rCold    . . .     Faith    .   c - +0 kite shield
rNeg     . . .     Spirit   +   x - +0 plate armour
rPois    .         Reflect  .   (helmet restricted)
rElec    .         Harm     .   p - +0 cloak
rCorr    .         Rampage  .   s - +0 pair of gloves
Will     .....                  (no boots)
Stlth    ..........             m - amulet of guardian spirit {Taurus}
HPRegen  0.23/turn              (no ring)
MPRegen  0.11/turn              (no ring)

@: no status effects
A: horns 2, retaliatory headbutt
a: Renounce Religion


You were on level 7 of the Dungeon.
You worshipped Qazlal.
Qazlal was noncommittal.
You visited 2 branches of the dungeon, and saw 8 of its levels.

You collected 350 gold pieces.

Inventory:

Hand Weapons
 a - a +3 war axe of flaming (weapon) {Hot Wind Blows}
 e - a +1 dagger of speed
 i - a +0 hunting sling
 u - a +5 dire flail of freezing
 A - a +3 war axe of freezing
Missiles
 g - 2 boomerangs
 o - 2 atropa-tipped darts (quivered) {Confuzzle Tips}
 r - 27 poisoned darts
 w - 29 bolts
Armour
 b - a +0 scale mail
 c - a +0 kite shield (worn)
 p - a +0 cloak (worn)
 q - a +0 chain mail
 s - a +0 pair of gloves (worn)
 x - a +0 plate armour (worn)
Jewellery
 m - an amulet of guardian spirit (around neck) {Taurus}
Wands
 B - a wand of polymorph (10)
Scrolls
 y - a scroll of fog {unknown}
 C - a scroll of teleportation {unknown}
Potions
 d - a potion of might
 f - 3 potions of attraction
 h - a potion of degeneration {unknown}
 j - 3 potions of curing
 k - 2 potions of flight
 l - a potion of mutation {unknown}
 n - a potion of brilliance {unknown}
 t - a potion of haste
 v - 2 potions of heal wounds
 z - a potion of magic {unknown}
Miscellaneous
 D - a box of beasts


   Skills:
 * Level 7.5 Fighting
 * Level 8.3 Axes
 + Level 3.1 Throwing
 + Level 6.3 Armour
 + Level 2.8 Dodging
 - Level 1.4 Stealth
 + Level 6.0 Shields
 * Level 1.5 Evocations


You had 8 spell levels left.
You didn't know any spells.
Your spell library contained the following spells:

 Spells                   Type           Power      Damage    Failure   Level
 Summon Small Mammal      Summ           0%         N/A       100%        1
 Call Imp                 Summ           0%         N/A       100%        2
 Call Canine Familiar     Summ           0%         N/A       100%        3
 Summon Guardian Golem    Hex/Summ       0%         N/A       100%        3
 Summon Ice Beast         Ice/Summ       0%         N/A       100%        4
 Summon Lightning Spire   Summ/Air       0%         N/A       100%        4


Dungeon Overview and Level Annotations

Branches:
Dungeon (7/15)             Temple (1/1) D:7

Altars:
Ashenzari
Dithmenos
Fedhas
Gozag
Hepliaklqana
Kikubaaqudgha
Makhleb
Nemelex Xobeh
Qazlal
Ru
Sif Muna
Uskayaw
Wu Jian
Xom
Yredelemnul
The Shining One


Innate Abilities, Weirdness & Mutations

You have a pair of horns on your head.
You reflexively headbutt those who attack you in melee.


Message History

You barely miss the kobold demonologist.
The kobold demonologist is almost dead.
You hit the ice devil but do no damage. You closely miss the quasit.
You slash the iron imp! You hit the ice devil but do no damage.
The ice devil hits you but does no damage. x2
The quasit barely misses you. You block the quasit's attack.
The quasit barely misses you.
The kobold demonologist looks satisfied for a moment.
The ice devil hits you but does no damage.
You closely miss the kobold demonologist.
Your headbutt misses the kobold demonologist.
The kobold demonologist is almost dead.
You hit the ice devil but do no damage. You slash the quasit!
You slash the iron imp!
You kill the iron imp!
You hit the ice devil. You burn the ice devil. You block the quasit's attack.
The quasit claws you but does no damage.
The quasit barely misses you.
The ice devil hits you but does no damage.
The kobold demonologist looks braver for a moment.
The ice devil hits you! The ice devil freezes you!
* * * LOW HITPOINT WARNING * * *
The quasit bites you but does no damage.
The quasit claws you but does no damage. x2
You block the ice devil's attack.
You hit the kobold demonologist but do no damage.
You headbutt the kobold demonologist.
The kobold demonologist is almost dead.
You barely miss the ice devil.
Your shield and plate armour prevent you from hitting the quasit.
You completely miss the ice devil.
The quasit bites you but does no damage.
You block the quasit's attack.
The quasit claws you but does no damage.
The kobold demonologist hits you with a +0 dagger.
* * * LOW HITPOINT WARNING * * *
The ice devil hits you.
* * * LOW HITPOINT WARNING * * *
The ice devil freezes you!
You die...

..# #.# #.#######
#.#...... #.#......
##.#....
..####4...######
..'((.K@........
..##..45..#####
#.##.#.#
#.####.########.##
#.................
#########.########
♣.............# ##
♣.♣♣..♣.♣♣♣♣..♣#♣♣.
♣..♣♣.♣ #♣.♣


You could see 2 ice devils, a kobold demonologist and a quasit (summoned).

Vanquished Creatures
  An ice beast (D:7)
  3 necrophages
  3 ogres
  2 centaurs (D:7)
  Blork the orc (D:4)
  A bullfrog (D:6)
  4 scorpions
  A wyvern skeleton (D:7)
  A water moccasin skeleton (D:6)
  2 howler monkeys (D:7)
  5 wights (D:7)
  A jelly (D:5)
  A centaur zombie (D:6)
  2 bullfrog skeletons
  3 hounds
  An orc priest (D:4)
  3 iguanas
  Terence (D:3)
  An orc wizard (D:7)
  6 adders
  An adder zombie (D:5)
  An adder skeleton (D:4)
  7 orcs
  5 bats
  4 endoplasms
  2 giant cockroaches (D:2)
  6 goblins
  3 hobgoblins
  5 jackals
  3 kobolds
  2 quokkas
  4 ball pythons
  A frilled lizard (D:2)
  6 rats
93 creatures vanquished.

Notes
Turn   | Place    | Note
-------+----------+-------------------------------------------
     0 | D:1      | tkbsonic5 the Minotaur Fighter began the quest for the Orb.
     0 | D:1      | Reached XP level 1. HP: 19/19 MP: 0/0
   387 | D:1      | Reached XP level 2. HP: 27/27 MP: 1/1
   879 | D:2      | Reached skill level 3 in Axes
  1160 | D:2      | Reached XP level 3. HP: 32/33 MP: 2/2
  1180 | D:2      | Found a faded altar of an unknown god.
  2170 | D:3      | Noticed Terence
  2192 | D:3      | Killed Terence
  2193 | D:3      | Reached XP level 4. HP: 34/41 MP: 3/3
  2321 | D:3      | Noticed a scorpion
  2325 | D:3      | Killed a scorpion
  2326 | D:3      | Reached skill level 5 in Fighting
  2326 | D:3      | Reached skill level 4 in Axes
  2326 | D:3      | Reached XP level 5. HP: 46/48 MP: 4/4
  2761 | D:4      | Noticed Blork the orc
  2769 | D:4      | Killed Blork the orc
  3047 | D:4      | Reached XP level 6. HP: 24/56 MP: 3/5
  3050 | D:4      | Reached skill level 5 in Axes
  3245 | D:4      | Found a glowing golden altar of the Shining One.
  3294 | D:4      | Found a broken altar of Ashenzari.
  3710 | D:4      | Reached skill level 5 in Armour
  3710 | D:4      | Reached skill level 5 in Shields
  3859 | D:5      | Entered Level 5 of the Dungeon
  3894 | D:5      | Reached XP level 7. HP: 55/63 MP: 4/6
  3954 | D:5      | Reached skill level 1 in Throwing
  4130 | D:5      | Reached skill level 1 in Dodging
  4362 | D:5      | Reached skill level 6 in Axes
  4362 | D:5      | Reached skill level 1 in Stealth
  4904 | D:6      | Reached XP level 8. HP: 67/71 MP: 5/7
  5040 | D:7      | Reached skill level 7 in Axes
  5062 | D:7      | Reached skill level 8 in Axes
  5083 | D:7      | Reached skill level 1 in Evocations
  5144 | D:7      | Noticed a red ugly thing
  5376 | D:7      | Found a staircase to the Ecumenical Temple.
  5385 | Temple   | Entered the Ecumenical Temple
  5476 | Temple   | Became a worshipper of Qazlal Stormbringer
  5535 | D:7      | Found a burning altar of Makhleb.
  5860 | D:7      | Reached XP level 9. HP: 79/79 MP: 8/8
  5918 | D:7      | Noticed a kobold demonologist
  5925 | D:7      | Noticed an ice devil
  5928 | D:7      | Noticed an ice devil
  5933 | D:7      | Slain by an ice devil

Illustrated notes

Levels and vault maps discovered:
D:1:      pf_arrival_petrified_forest, layout_loops_ring,
          chequers_serial_rivers_micro_b
D:2:      layout_loops_ring, ebering_ecumenical_altar_box
D:3:      layout_loops_ring, uniq_terence
D:4:      layout_loops_ring, nicolae_overflow_hidden_temple, ashenzari_altar_1,
          st_stairs_6, uniq_blork_the_orc
D:5:      layout_basic, chequers_decorated_corner
D:6:      layout_rooms, lemuel_coloured_pillars_altar
D:7:      nzn_winding_woodlands_three_and_one
          [nzn_winding_woodlands_5x15_sawtooth,
          nzn_winding_woodlands_5x15_default,
          nzn_winding_woodlands_5x15_pockets,
          nzn_winding_woodlands_center_diamonds], layout_loops_corners,
          kennysheep_mini_moat, minmay_temple_entry_statues_pillars,
          chequers_ossuary_entry_cave
Temple:   eino_temple_scatter_basement

Skill      XL: |  1  2  3  4  5  6  7  8 |
---------------+-------------------------+-----
Axes           | 3 4 5 6 8 |  8.3
Fighting       | 4 5 6 7 |  7.5
Armour         | 4 5 6 |  6.3
Shields        | 4 5 6 |  6.0
Throwing       | 2 3 |  3.1
Dodging        | 1 2 |  2.8
Stealth        | 1 |  1.4
Evocations     | 1 |  1.5

Action                   |  1- 3 |  4- 6 |  7- 9 || total
-------------------------+-------+-------+-------++-------
Melee: War axe           |    90 |    42 |   101 ||   233
       Headbutt          |     7 |     6 |    17 ||    30
Throw: Dart              |     3 |     8 |    13 ||    24
       Boomerang         |     1 |       |     1 ||     2
Evoke: Wand              |       |       |     7 ||     7
  Use: Scroll            |     6 |     4 |     2 ||    12
       Potion            |       |       |     1 ||     1
 Stab: Invisible         |       |     1 |       ||     1
Armor: Scale mail        |    29 |       |       ||    29
       Chain mail        |    19 |    17 |    20 ||    56
       Plate armour      |       |       |    39 ||    39
Dodge: Dodged            |    22 |    10 |    15 ||    47
Block: Kite shield       |    48 |    21 |    53 ||   122

Table legend: (Time is in decaauts)
 A = Elapsed time spent in this place.
 B = Non-inter-level travel time spent in this place.
 C = Inter-level travel time spent in this place.
 D = Time resting spent in this place.
 E = Time spent auto-exploring this place.
 F = Levels seen in this place.
 G = Mean time per level.
                   A        B        C        D        E       F      G
               +--------+--------+--------+--------+--------+-----+--------+
         Total |   6031 |   5885 |    146 |    704 |   4000 |   8 |  753.9 |
       Dungeon |   5917 |   5771 |    146 |    704 |   3964 |   7 |  845.3 |
        Temple |    113 |    113 |      0 |      0 |     36 |   1 |  113.0 |
               +--------+--------+--------+--------+--------+-----+--------+

Top non-repeatable levels by time:
     D:4: 1112 daAuts
     D:3: 943 daAuts
     D:2: 942 daAuts
     D:1: 935 daAuts
     D:5: 786 daAuts
     D:7: 615 daAuts
     D:6: 581 daAuts
  Temple: 113 daAuts
